 Dungeon Crawl Stone Soup version 0.26-a0-682-g294304f6e8 (webtiles) character file.

Game seed: 16509552114676633471

149 karrick the Cudgeler (level 5, -1/31 HPs)
             Began as a Gargoyle Gladiator on Oct 22, 2020.
             Slain by an orc
             ... wielding a +2 morningstar of distortion
              (20 damage)
             ... on level 3 of the Dungeon.
             The game lasted 00:04:10 (2680 turns).

karrick the Cudgeler (Gargoyle Gladiator)           Turns: 2680, Time: 00:04:10

Health: -1/31      AC: 11    Str: 17    XL:     5   Next: 31%
Magic:  5/5        EV: 12    Int: 10    God:
Gold:   78         SH:  0    Dex: 11    Spells: 4/4 levels left

rFire    . . .     SeeInvis .   a - +0 flail
rCold    . . .     Faith    .   (no shield)
rNeg     + . .     Spirit   .   b - +0 leather armour
rPois    ∞         Reflect  .   c - +0 helmet
rElec    +         Harm     .   (no cloak)
rCorr    .         Rampage  .   f - +0 pair of gloves
MR       .....                  o - +1 pair of boots
Stlth    ++........             (no amulet)
HPRegen  0.10/turn              (no ring)
MPRegen  0.09/turn              (no ring)

@: no status effects
A: negative energy resistance 1, electricity resistance, unbreathing,
petrification resistance, rot immunity, AC +4
a: no special abilities


You were on level 3 of the Dungeon.
You visited 1 branch of the dungeon, and saw 3 of its levels.

You collected 78 gold pieces.

Inventory:

Hand Weapons
 a - a +0 flail (weapon)
Missiles
 d - 3 throwing nets (quivered)
 s - 5 silver javelins
Armour
 b - a +0 leather armour (worn)
 c - a +0 helmet (worn)
 f - a +0 pair of gloves (worn)
 o - a +1 pair of boots (worn)
Jewellery
 j - an uncursed ring of protection from cold {unknown}
Scrolls
 e - a scroll of amnesia {unknown}
 g - 4 scrolls of enchant weapon {unknown}
 k - 6 scrolls of identify {unknown}
 l - 2 scrolls of remove curse {unknown}
 m - a scroll of teleportation {unknown}
 q - a scroll of enchant armour {unknown}
 r - a scroll of random uselessness {unknown}
Potions
 h - 2 potions of magic {unknown}
 i - a potion of heal wounds {unknown}
 n - a potion of degeneration {unknown}
 p - a potion of lignification {unknown}


   Skills:
 + Level 2.7 Fighting
 + Level 4.4 Maces & Flails
 - Level 1.7 Throwing
 * Level 2.5 Armour
 - Level 2.4 Dodging
 * Level 2.1 Stealth


You had 4 spell levels left.
You didn't know any spells.
Your spell library was empty.

Dungeon Overview and Level Annotations

Branches:
Dungeon (3/15)

Altars:
Elyvilon
Nemelex Xobeh
Trog
Zin


Innate Abilities, Weirdness & Mutations

You are resistant to torment.
Your stone body is resilient. (AC +4)
You are immune to poison.
You resist negative energy. (rN+)
You are resistant to electric shocks. (rElec)
You can survive without breathing.
You are immune to petrification.
You are immune to rotting.


Message History

The orc is severely wounded.
The orc barely misses you. The frilled lizard barely misses you.
The orc barely misses you. The orc hits you but does no damage.
You barely miss the orc.
The orc is severely wounded.
The frilled lizard bites you but does no damage.
The orc barely misses you. The orc hits you but does no damage.
The orc barely misses you.
The frilled lizard bites you but does no damage.
You sock the orc!
You kill the orc!
The orc hits you with a +2 morningstar of distortion.
Space bends around you. The orc barely misses you.
The frilled lizard bites you but does no damage.
You closely miss the orc. The orc hits you but does no damage.
The orc closely misses you. The frilled lizard misses you.
You barely miss the orc. The orc misses you.
The orc hits you but does no damage. Space warps horribly around you!!
Ouch! That really hurt!
You die...

#...#.................
#...#.................
#...#.........†.......
#...#.................
#####.................
#......###########
##......#
........#########
...........@l....#
....####..o)o....# ##
#.........#
#.........#
#........[#
#.........#
#.........#
#.........#


You could see 2 orcs and a frilled lizard.

Vanquished Creatures
  3 gnolls
  4 adders
  2 worms
  2 dart slugs
  3 orcs (D:3)
  A ball python (D:2)
  4 giant cockroaches
  2 goblins (D:1)
  11 hobgoblins
  8 jackals (D:1)
  5 kobolds
  2 quokkas (D:2)
  6 bats
  5 frilled lizards
  13 rats
71 creatures vanquished.

Notes
Turn   | Place    | Note
-------+----------+-------------------------------------------
     0 | D:1      | karrick the Gargoyle Gladiator began the quest for the Orb.
     0 | D:1      | Reached XP level 1. HP: 12/12 MP: 1/1
   230 | D:1      | Reached XP level 2. HP: 17/17 MP: 2/2
   459 | D:1      | Reached skill level 1 in Stealth
   505 | D:1      | Reached skill level 1 in Armour
   684 | D:1      | Reached XP level 3. HP: 22/22 MP: 3/3
  1500 | D:2      | Found a sparkling altar of Nemelex Xobeh.
  1584 | D:2      | Reached XP level 4. HP: 16/27 MP: 4/4
  1613 | D:2      | Found a white marble altar of Elyvilon.
  1617 | D:2      | Reached skill level 4 in Maces & Flails
  2029 | D:2      | Reached XP level 5. HP: 31/31 MP: 5/5
  2069 | D:2      | Found a glowing silver altar of Zin.
  2071 | D:2      | Found a sparkling altar of Nemelex Xobeh.
  2072 | D:2      | Found a bloodstained altar of Trog.
  2680 | D:3      | Slain by an orc

Illustrated notes

Levels and vault maps discovered:
D:1:      lemuel_arrival_funnel, layout_basic, minivault_27, due_unseen_surprise
D:2:      layout_rooms, elyvilon_altar_5,
          chequers_temple_overflow_statue_of_worship,
          nemelex_xobeh_ov_fountains_minmay
D:3:      minmay_roachtagon, layout_basic

Skill      XL: |  1  2  3  4 |
---------------+-------------+-----
Stealth        | 1 2 |  2.1
Armour         | 1 2 |  2.5
Maces & Flails | 4 |  4.4
Fighting       | |  2.7
Throwing       | |  1.7
Dodging        | |  2.4

Action                   |  1- 3 |  4- 6 || total
-------------------------+-------+-------++-------
Melee: Flail             |   157 |    98 ||   255
 Stab: Sleeping          |       |     1 ||     1
Armor: Leather armour    |    65 |    60 ||   125
Dodge: Dodged            |   145 |   105 ||   250

Table legend: (Time is in decaauts)
 A = Elapsed time spent in this place.
 B = Non-inter-level travel time spent in this place.
 C = Inter-level travel time spent in this place.
 D = Time resting spent in this place.
 E = Time spent auto-exploring this place.
 F = Levels seen in this place.
 G = Mean time per level.
                   A        B        C        D        E       F      G
               +--------+--------+--------+--------+--------+-----+--------+
         Total |   2738 |   2657 |     81 |    287 |   1748 |   3 |  912.7 |
       Dungeon |   2738 |   2657 |     81 |    287 |   1748 |   3 |  912.7 |
               +--------+--------+--------+--------+--------+-----+--------+

Top non-repeatable levels by time:
     D:1: 1396 daAuts
     D:2: 873 daAuts
     D:3: 467 daAuts
